 Dungeon Crawl Stone Soup version 0.23.2-40-g277498a001 (webtiles) character file.

Game seed: 888345551503294406

611070 Amplified the Conqueror (level 26, -5/345 HPs)
             Began as a Minotaur Wanderer on Aug 24, 2019.
             Was the Champion of Makhleb.
             Slain by a shadow dragon (10 damage)
             ... on level 5 of the Vaults on Aug 25, 2019.
             The game lasted 02:32:54 (65711 turns).

Amplified the Conqueror (Minotaur Wanderer)        Turns: 65711, Time: 02:32:55

Health: -5/345     AC: 30    Str: 20 (21) XL:     26   Next: 76%
Magic:  8/15       EV: 19    Int: 24      God:    Makhleb [******]
Gold:   2881       SH:  3    Dex: 13 (14) Spells: 19/50 levels left

rFire    + + .     SeeInvis .   W - +8 double sword of Nefoug {antimagic, rF+ MP+9}
rCold    . . .     Gourm    .   (no shield)
rNeg     + + +     Faith    .   (armour currently unavailable)
rPois    ∞         Spirit   .   w - +2 hat
rElec    +         Reflect  +   S - +0 cloak of the Pleiades {Int+2}
rCorr    .         Harm     .   (gloves currently unavailable)
MR       +....                  (boots currently unavailable)
Stlth    +.........             Q - +3 amulet of reflection
HPRegen  1.67/turn              N - ring of positive energy
MPRegen  0.14/turn              O - ring of Devotion {rElec rPois rF+ rN+ Str+2}

@: brilliant, statue-form, aura of abjuration, regenerating, hasted
A: retaliatory headbutt, fangs 1, hooves 1, horns 2, agile 1, evolution 1,
MP-powered wands
}: 3/15 runes: decaying, serpentine, abyssal
a: End Transformation, Minor Destruction, Lesser Servant of Makhleb, Major
Destruction, Greater Servant of Makhleb, Renounce Religion


You were on level 5 of the Vaults.
You worshipped Makhleb.
Makhleb was exalted by your worship.
You were not hungry.
You were a stone statue.
You visited 10 branches of the dungeon, and saw 48 of its levels.
You visited the Abyss 4 times.
You also visited: Sewer and Ossuary.

You collected 6721 gold pieces.
You spent 3840 gold pieces at shops.

Inventory:

Hand Weapons
 E - a +2 double sword of freezing
 W - the +8 double sword of Nefoug (weapon) {antimagic, rF+ MP+9}
   (You took it off an orc knight on level 12 of the Dungeon)

   It reduces the magical energy of the wielder, and disrupts the spells and
   magical abilities of those hit.
   Natural abilities and divine invocations are not affected.
   It protects you from fire.
   It affects your magic capacity (+9).
Armour
 m - a +2 pair of boots (melded)
 r - the +1 chain mail of Weightlessness (melded) {rC+ Slay+5}
   (You bought it in a shop on level 4 of the Dungeon)

   It affects your accuracy and damage with ranged weapons and melee attacks
   (+5).
   It protects you from cold.
 w - a +2 hat (worn)
 P - quicksilver dragon scales
 S - the +0 cloak of the Pleiades (worn) {Int+2}
   (You found it on level 4 of the Depths)

   It affects your intelligence (+2).
 X - the +3 pair of gloves "Weetequs" (melded) {*Contam Int+5}
   (You found it on level 5 of the Lair of Beasts)

   It affects your intelligence (+5).
   It causes magical contamination when unequipped.
Jewellery
 c - the ring "Bumenutt" {rF+ MP+9 Str+2 Int+3}
   (You found it on level 2 of the Elven Halls)

   [ring of protection from fire]

   It affects your strength (+2).
   It affects your intelligence (+3).
   It protects you from fire.
   It affects your magic capacity (+9).
 d - an uncursed ring of protection from magic
 l - the ring "Famar" {rC+ Str+4 Stlth+}
   (You found it on level 3 of the Crypt)

   [ring of stealth]

   It affects your strength (+4).
   It protects you from cold.
   It makes you more stealthy.
 y - an uncursed ring of positive energy
 J - an uncursed ring of resist corrosion
 K - an uncursed ring of see invisible
 M - the amulet of the Illusory Queens {+Rage MR+}
   (You took it off a naga sharpshooter on level 4 of the Snake Pit)

   [amulet of rage]

   It affects your resistance to hostile enchantments.
   It lets you go berserk.
 N - a ring of positive energy (left hand)
 O - the ring of Devotion (right hand) {rElec rPois rF+ rN+ Str+2}
   (You found it on level 8 of the Dungeon)

   [ring of protection from fire]

   It affects your strength (+2).
   It protects you from fire.
   It insulates you from electricity.
   It protects you from poison.
   It protects you from negative energy.
 Q - a +3 amulet of reflection (around neck)
Wands
 t - a wand of digging (3)
 A - a wand of iceblast (14)
 D - a wand of disintegration (42)
 R - a wand of paralysis (49)
Scrolls
 h - 7 scrolls of amnesia
 i - 29 scrolls of remove curse
 n - 11 scrolls of enchant armour
 G - 8 scrolls of enchant weapon
 I - 7 scrolls of fog
 T - a scroll of brand weapon
 U - a scroll of magic mapping
 Z - 13 scrolls of identify
Potions
 a - 4 potions of brilliance
 k - 2 potions of ambrosia
 o - 4 potions of cancellation
 p - 6 potions of magic
 x - 17 potions of mutation
 z - 6 potions of flight
 B - a potion of haste
 H - 2 potions of might
 L - 6 potions of curing
Miscellaneous
 s - a phial of floods
 v - 3 phantom mirrors
 C - a lightning rod (4/4)
Comestibles
 b - 7 chunks of flesh
 f - 62 rations


   Skills:
 O Level 27 Fighting
   Level 12.9(14.8) Short Blades
 - Level 13.8(16.0) Long Blades
   Level 2.4 Axes
   Level 1.2 Staves
 - Level 1.0 Throwing
 - Level 22.5 Armour
 * Level 12.1 Dodging
 - Level 1.0 Stealth
 + Level 12.8 Spellcasting
 - Level 10.2 Hexes
 * Level 6.9 Summonings
 - Level 10.1 Necromancy
 - Level 12.8 Transmutations
   Level 9.5 Ice Magic
 - Level 13.3 Earth Magic
 - Level 1.0 Evocations


You had 19 spell levels left.
You knew the following spells:

 Your Spells              Type           Power        Failure   Level  Hunger
a - Confusing Touch       Hex            ######       1%          1    None
b - Silence               Hex/Air        ######....   1%          5    ###....
c - Deflect Missiles      Chrm/Air       ####......   47%         6    #####..
d - Borgnjor's Vile Clut  Necr/Erth      ######....   1%          5    ###....
e - Statue Form           Tmut/Erth      #######..    1%          6    #####..
f - Regeneration          Chrm/Necr      ######....   1%          3    None
g - Aura of Abjuration    Summ           ######....   1%          5    ###....

Your spell library contained the following spells:

 Spells                   Type           Power        Failure   Level  Hunger
 Beastly Appendage        Tmut           ######       0%          1    None
 Sandblast                Erth           ######       0%          1    None
 Animate Skeleton         Necr           N/A          1%          1    None
 Apportation              Tloc           ####..       1%          1    None
 Flame Tongue             Conj/Fire      ####.        1%          1    None
 Freeze                   Ice            ####         1%          1    None
 Infusion                 Chrm           ####         1%          1    None
 Magic Dart               Conj           ####         1%          1    None
 Pain                     Necr           ####         1%          1    None
 Shock                    Conj/Air       ####         1%          1    None
 Sting                    Conj/Pois      ####         1%          1    None
 Summon Butterflies       Summ           ######..     1%          1    None
 Summon Small Mammal      Summ           ####         1%          1    None
 Call Imp                 Summ           ######..     1%          2    None
 Passwall                 Tmut/Erth      #######.     1%          2    None
 Poisonous Vapours        Pois/Air       ####..       1%          2    None
 Searing Ray              Conj           ####..       1%          2    None
 Shroud of Golubria       Chrm/Tloc      ####......   1%          2    None
 Song of Slaying          Chrm           ####....     1%          2    None
 Sticks to Snakes         Tmut           #######.     1%          2    None
 Sublimation of Blood     Necr           ######....   1%          2    None
 Swiftness                Chrm/Air       ####....     1%          2    None
 Throw Flame              Conj/Fire      ####..       1%          2    None
 Throw Frost              Conj/Ice       ######       1%          2    None
 Call Canine Familiar     Summ           ######..     1%          3    None
 Confuse                  Hex            ######..     1%          3    None
 Conjure Flame            Conj/Fire      ####....     1%          3    None
 Dazzling Spray           Conj/Hex       ######       1%          3    None
 Gell's Gravitas          Tloc           ####......   1%          3    None
 Inner Flame              Hex/Fire       ######..     1%          3    None
 Mephitic Cloud           Conj/Pois/Air  ####....     1%          3    None
 Ozocubu's Armour         Chrm/Ice       ######..     1%          3    None
 Recall                   Summ/Tloc      N/A          1%          3    None
 Spectral Weapon          Hex/Chrm       ######..     1%          3    None
 Spider Form              Tmut/Pois      ######....   1%          3    None
 Static Discharge         Conj/Air       ####....     1%          3    None
 Stone Arrow              Conj/Erth      ######       1%          3    None
 Summon Guardian Golem    Hex/Summ       ######..     1%          3    None
 Vampiric Draining        Necr           ######....   1%          3    None
 Animate Dead             Necr           N/A          1%          4    None
 Cause Fear               Hex            ######....   1%          4    None
 Fulminant Prism          Conj/Hex       ######....   1%          4    None
 Ice Form                 Ice/Tmut       ######..     1%          4    None
 Leda's Liquefaction      Hex/Erth       ######....   1%          4    None
 Petrify                  Tmut/Erth      #######.     1%          4    None
 Summon Ice Beast         Ice/Summ       ######..     1%          4    None
 Summon Lightning Spire   Summ/Air       #####...     1%          4    None
 Throw Icicle             Conj/Ice       ######..     1%          4    None
 Blade Hands              Tmut           #######...   1%          5    ###....
 Excruciating Wounds      Chrm/Necr      ######....   1%          5    ###....
 Lee's Rapid Deconstruct  Erth           #######...   1%          5    ###....
 Metabolic Englaciation   Hex/Ice        ######....   1%          5    ###....
 Summon Demon             Summ           ######....   1%          5    ###....
 Summon Mana Viper        Hex/Summ       ######..     1%          5    ###....
 Yara's Violent Unravell  Hex/Tmut       ######....   1%          5    ###....
 Darkness                 Hex            ######....   1%          6    #####..
 Death Channel            Necr           ######....   1%          6    #####..
 Invisibility             Hex            ######..     1%          6    #####..
 Simulacrum               Ice/Necr       ######....   1%          6    #####..
 Bolt of Magma            Conj/Fire/Erth ######....   2%          5    ###....
 Summon Forest            Summ/Tloc      #####.....   3%          5    ###....
 Airstrike                Air            ####......   4%          4    None
 Force Lance              Conj/Tloc      ####....     4%          4    None
 Iskenderun's Mystic Bla  Conj           ####....     4%          4    None
 Olgreb's Toxic Radiance  Pois           ####....     4%          4    None
 Passage of Golubria      Tloc           N/A          4%          4    None
 Sticky Flame             Conj/Fire      ####....     4%          4    None
 Iron Shot                Conj/Erth      ######....   4%          6    #####..
 Shadow Creatures         Summ           N/A          4%          6    #####..
 Bolt of Cold             Conj/Ice       ######....   10%         6    #####..
 Fireball                 Conj/Fire      ####......   12%         5    ###....
 Iskenderun's Battlesphe  Conj/Chrm      ####....     12%         5    ###....
 Lightning Bolt           Conj/Air       ####......   12%         5    ###....
 Venom Bolt               Conj/Pois      ####......   12%         5    ###....
 Summon Hydra             Summ           ######....   19%         7    ######.
 Discord                  Hex            ######....   34%         8    #######
 Spellforged Servitor     Conj/Summ      #####.....   56%         7    ######.
 Shatter                  Erth           #######...   77%         9    #######
 Orb of Destruction       Conj           ####......   92%         7    ######.
 Ignition                 Fire           ####......   100%        8    #######


Dungeon Overview and Level Annotations

Branches:
Dungeon (15/15)            Temple (1/1) D:7            Lair (6/6) D:9
  Swamp (4/4) Lair:3        Snake (4/4) Lair:3        Slime (0/5) Lair:6
    Orc (2/2) D:11            Elf (3/3) Orc:2        Vaults (5/5) D:13
  Crypt (3/3) Vaults:3       Tomb (0/3) Crypt:3      Depths (5/5) D:15
    Zot (0/5) Depths:5

Altars:
Ashenzari
Cheibriados
Dithmenos
Elyvilon
Fedhas
Gozag
Hepliaklqana
Kikubaaqudgha
Makhleb
Nemelex Xobeh
Okawaru
Qazlal
Ru
Sif Muna
Trog
Uskayaw
Vehumet
Wu Jian
Xom
Yredelemnul
Zin
The Shining One
Beogh
Jiyva

Shops:
D:4 [   D:7 ?   D:11 !   D:14 *   Orc:1 *   Orc:2 (?%(   Snake:1 %
Snake:3 (!(*   Snake:4 !   Depths:1 *

Portals:
Hell: Depths:1 Depths:2 Depths:4 Depths:5
Abyss: Depths:1 Depths:2 Depths:4
Pandemonium: Depths:3
Ziggurat: Depths:4

Annotations:
D:14 What de fog
D:15 Where to go?
Elf:2 Check bundle later


Innate Abilities, Weirdness & Mutations

You reflexively headbutt those who attack you in melee.
You have a pair of horns on your head.
You have very sharp teeth.
You have large cloven feet.
You are agile. (Dex +2)
You evolve.
You expend magic power (3 MP) to strengthen your wands.


Message History

You hear a shout!
The vault guard hits you but does no damage.
The catoblepas breathes a plume of calcifying dust at you.
The blast of calcifying dust hits you but does no damage.
The blast of calcifying dust hits the vault guard but does no damage.
The blast of calcifying dust hits the fire giant!
The vault guard is engulfed in calcifying dust.
The vault guard is moving more slowly.
The vault guard hits you but does no damage.
Unknown command.
Unknown command.
Unknown command.
Okay, then.
Unknown command.
You slash the catoblepas! Your kick misses the catoblepas.
You headbutt the catoblepas!
The catoblepas is moderately wounded.
The shadow dragon bites you but does no damage.
The shadow dragon claws you!
You die...

.........,,,,,,,,,,,,#..#....#,,*
(########*********####..#....#*##
...(..C.,,,,,,,,,,...........#...
........,,,,,,,,,,,,.............
########*#############.........##
.,,,,,,,,.p.......(.......<<.....
..,,,,,,,......pCpp.≈....<..<..p.
p..,,,,,,p...CppODpcp≈....<<.....
....,,,,,...p.Xp8YpHm≈(..........
#######################(.......##
...#......##......##..).........#
,..#......##......##)))†#....#.#X
,,....#*......*#s...)...#....##.#
,,,...##......##........#....#,#.
,,,#.....C##.....p....###,...#*,*
,,,#.p9...##..........#**,,..#,*,
,,,#..##........c.##....#,,..#*,*


You could see a shadow dragon, a tentacled monstrosity, an ironheart preserver,
a fire giant, a sphinx, a stone giant, 2 vault wardens, a catoblepas shaped
shifter, a yaktaur captain, 7 vault guards, a two-headed ogre, an ironbrand
convoker and a water nymph shaped shifter.

Vanquished Creatures
  A juggernaut (Abyss:1)
  Mara (Depths:2)
  An ancient lich (Crypt:3)
  Sojobo (Vaults:1)
  Frederick (Depths:5)
  A golden dragon (Depths:5)
  Nikola (Vaults:1)
  10 bone dragons
  7 tentacled monstrosities
  7 liches
  A deep elf blademaster (Elf:3)
  2 titans (Vaults:5)
  Rupert (Lair:4)
  The ghost of Yfoamu the Convoker, an adept KoWz of Dithmenos (Depths:4)
  2 quicksilver dragons
  3 Executioners
  17 tentacled starspawn
  3 sphinxes
  4 tengu reavers
  3 ancient champions
  3 shadow dragons
  5 storm dragons
  2 thorn hunters
  A revenant (Abyss:2)
  14 nagarajas
  3 daevas
  3 fire giants
  8 deep elf sorcerers
  An orc warlord (Orc:2)
  11 vault wardens
  3 frost giants
  A ghost moth (Abyss:3)
  Louise (Snake:3)
  A curse skull (Crypt:2)
  5 cacodemons
  A ghoul (Crypt:2)
  A balrug (Abyss:1)
  A draconian shifter (Depths:5)
  4 deep elf elementalists
  7 war gargoyles
  13 ironheart preservers
  3 spriggan defenders (Depths:4)
  A juggernaut skeleton (Depths:1)
  18 stone giants
  37 very ugly things
  The ghost of dracomuter the Thaumaturge, a journeyman DrCj of the Shining One (Lair:5)
  An entropy weaver (Vaults:5)
  3 deep elf demonologists
  6 vampire knights
  A red draconian (Depths:5)
  4 dire elephants (Lair:6)
  2 lorocyprocas (Abyss:2)
  2 green draconians
  6 deep elf annihilators
  2 black draconians (Depths:5)
  4 yellow draconians
  3 purple draconians (Depths:5)
  4 spark wasps
  The ghost of kalagan the Eclecticist, a journeyman DESu of Sif Muna (Elf:2)
  An eidolon (Crypt:1)
  An ettin (shapeshifter) (Vaults:5)
  3 crystal guardians (Crypt:3)
  8 ettins
  2 blizzard demons
  5 green deaths
  Snorg (Lair:5)
  Josephine (D:15)
  11 deep elf death magi
  5 fire dragons
  10 jiangshi
  11 yaktaur captains
  A fire dragon (shapeshifter) (Depths:4)
  5 great orbs of eyes
  19 ogre magi
  16 vault guards
  6 deep elf high priests
  8 rakshasas
  29 naga warriors
  10 hydras
  6 ice dragons
  8 centaur warriors
  3 ghost crabs
  10 anacondas
  2 shambling mangroves (Swamp:3)
  3 spriggan air magi
  80 two-headed ogres
  A two-headed ogre (shapeshifter) (Depths:4)
  30 dancing weapons
  A death knight (Crypt:2)
  4 deep troll shamans
  15 alligators
  14 deep troll earth magi
  6 tengu warriors
  2 titan zombies
  6 spriggan berserkers
  29 thrashing horrors
  9 orc high priests
  A hell hog (Abyss:3)
  49 large abominations
  7 vampire magi
  8 shock serpents
  20 deep elf knights
  20 naga sharpshooters
  8 sun demons
  An iron troll (Depths:5)
  5 soul eaters
  2 storm dragon zombies (Crypt:3)
  The ghost of raetorn the Cleaver, a journeyman VSFi of Yredelemnul (D:12)
  43 small abominations
  17 wretched stars
  A golden dragon zombie (Crypt:3)
  13 hell knights
  7 sixfirhies
  14 skeletal warriors
  2 salamander mystics
  A ghost moth zombie (Abyss:3)
  15 spatial maelstroms
  A sea snake (Snake:1)
  3 unseen horrors
  2 shadow wraiths
  2 unseen horrors (shapeshifter)
  6 spriggan druids
  2 swamp dragons
  34 deep trolls
  An obsidian statue (Depths:1)
  6 flayed ghosts
  8 glowing orange brains
  4 phantasmal warriors
  4 shadow demons
  3 naga ritualists (Snake:4)
  2 mana vipers (shapeshifter)
  18 orc knights
  An anaconda skeleton (Crypt:3)
  4 spectral hydras (Swamp:4)
  9 ironbrand convokers
  Pikel (D:8)
  16 deep elf archers
  A harpy (Vaults:2)
  15 necromancers
  4 wizards
  2 wolf spiders
  15 mana vipers
  An iron dragon zombie (Depths:3)
  A harpy (shapeshifter) (Abyss:3)
  3 fire giant zombies
  2 oklob plants (Lair:3)
  28 ugly things
  2 frost giant zombies
  5 manticores
  43 deep elf magi
  7 cyclopes
  7 salamanders
  2 human skeletons
  9 orc sorcerers
  A worldbinder (Abyss:4)
  A moth of wrath (shapeshifter) (Depths:4)
  A salamander (shapeshifter) (Elf:2)
  3 moths of wrath
  9 elephants (Lair:6)
  3 rust devils
  4 apocalypse crabs
  30 black mambas
  17 spiny frogs
  A stone giant skeleton (Crypt:3)
  2 black mambas (shapeshifter)
  A water nymph (shapeshifter) (Elf:3)
  A fire giant skeleton (Abyss:3)
  3 frost giant skeletons
  7 guardian serpents
  24 naga magi
  A dire elephant zombie (Abyss:3)
  13 smoke demons
  A torpor snail (shapeshifter) (Elf:2)
  11 vault sentinels
  3 orange demons
  4 gargoyles
  A spiny frog (shapeshifter) (Elf:2)
  4 kobold demonologists
  An efreet (Abyss:4)
  A white draconian zombie (Crypt:2)
  3 rime drakes (shapeshifter)
  2 rime drakes
  36 yaktaurs
  83 starcursed masses
  3 swamp worm zombies (Swamp:4)
  A komodo dragon (shapeshifter) (Depths:4)
  3 komodo dragons
  A tormentor (Abyss:3)
  A black draconian skeleton (Crypt:1)
  6 freezing wraiths
  A hellion (Abyss:4)
  A tengu conjurer (Depths:1)
  2 demonic crawlers
  12 ancient zymes
  5 hellwings
  A redback zombie (Crypt:2)
  2 jumping spiders (shapeshifter)
  3 meliai (D:14)
  7 trolls
  A polar bear (shapeshifter) (Vaults:4)
  2 merfolk (shapeshifter)
  7 hydra zombies
  A silent spectre (Abyss:4)
  2 red devils (Abyss:1)
  A shadow dragon simulacrum (Abyss:3)
  A hornet (shapeshifter) (Depths:4)
  A meliai (shapeshifter) (Vaults:4)
  A queen bee (shapeshifter) (Vaults:3)
  A troll (shapeshifter) (Depths:4)
  Grinder (D:6)
  16 tyrant leeches
  15 hornets
  A wolf spider simulacrum (Abyss:4)
  3 spectral swamp dragons (Swamp:4)
  A raiju (shapeshifter) (Vaults:2)
  A slime creature (shapeshifter) (Vaults:5)
  25 slime creatures
  A snapping turtle (shapeshifter) (Depths:1)
  8 blink frogs (Abyss:4)
  5 alligator zombies (Swamp:4)
  34 raiju
  12 bog bodies
  An ice dragon zombie (Crypt:3)
  12 hippogriffs
  3 redbacks (Vaults:5)
  3 ettin skeletons
  61 flying skulls
  33 spriggans
  6 vampires
  11 ynoxinuls
  8 shadows
  A spriggan simulacrum (Depths:3)
  3 tarantellas (shapeshifter)
  4 air elementals
  2 fire dragon skeletons
  A redback (shapeshifter) (Vaults:3)
  An alligator skeleton (Crypt:3)
  2 water elementals
  16 humans (D:13)
  13 wraiths
  4 wyverns
  A human (shapeshifter) (Elf:2)
  2 black mamba skeletons
  46 yaks
  3 fire elementals (Elf:2)
  A golden eye (Abyss:3)
  4 hungry ghosts
  14 neqoxecs
  A steam dragon (Lair:4)
  2 basilisks
  18 chaos spawn
  A golden eye (shapeshifter) (Vaults:5)
  18 spatial vortices
  3 wargs
  28 insubstantial wisps
  A human simulacrum (Vaults:1)
  2 nagas (shapeshifter)
  28 vampire mosquitoes
  A yaktaur simulacrum (Vaults:3)
  71 nagas
  A merfolk zombie (Abyss:4)
  17 swamp worms
  6 acid dragons (Vaults:2)
  A soldier ant (D:14)
  2 floating eyes
  2 floating eyes (shapeshifter) (Elf:2)
  A hell hound (Elf:2)
  11 water moccasins
  3 porcupines
  A swamp drake (shapeshifter) (Depths:4)
  4 eyes of draining
  3 ice beasts
  66 orc warriors
  7 sky beasts
  4 black bears
  3 swamp dragon zombies (Swamp:4)
  12 swamp drakes
  64 ogres
  7 wolves
  A dream sheep zombie (Crypt:1)
  A black mamba simulacrum (Abyss:3)
  An ice dragon simulacrum (Abyss:4)
  An ogre (shapeshifter) (Depths:4)
  3 necrophages
  7 phantoms
  17 boggarts
  24 centaurs
  An elephant skeleton (Crypt:2)
  4 big kobolds
  13 crocodiles
  A wyvern zombie (D:8)
  21 bullfrogs
  8 earth elementals
  A scorpion (shapeshifter) (Depths:4)
  12 scorpions
  7 killer bees
  A howler monkey (shapeshifter) (Elf:2)
  20 crimson imps
  3 electric eels
  A howler monkey (D:5)
  3 quasits
  2 bullfrog zombies
  7 centaur zombies
  3 human zombies
  25 orc wizards
  22 orc priests
  6 hounds
  5 iguanas
  2 jellies
  3 bullfrog skeletons
  2 centaur skeletons
  4 iron imps
  7 hell rats (Lair:4)
  8 worker ants
  A tengu simulacrum (Depths:1)
  2 killer bee zombies
  A big kobold zombie (Crypt:2)
  A crocodile zombie (Crypt:1)
  8 ogre zombies (D:11)
  A sky beast zombie (Crypt:1)
  A dwarf skeleton (Crypt:2)
  4 mummies
  3 hound skeletons
  A worker ant zombie (D:10)
  14 adders
  4 gnolls (D:7)
  2 scorpion zombies (Ossuary)
  A river rat (D:3)
  A swamp drake zombie (Swamp:4)
  7 shadow imps
  10 white imps
  4 ufetubi
  An ooze (D:2)
  2 adder skeletons
  6 worms
  2 dart slugs
  4 leopard geckos
  137 orcs
  13 giant cockroaches
  9 goblins
  8 hobgoblins
  22 jackals
  A quokka (D:11)
  3 ball pythons
  3 bats (D:2)
  A dart slug zombie (Crypt:1)
  7 frilled lizards
  2 gnoll zombies (Ossuary)
  2 goblin skeletons
  12 goblin zombies
  10 hobgoblin zombies
  22 kobolds
  A kobold simulacrum (Abyss:4)
  3 kobold zombies
  A leopard gecko skeleton (D:5)
  A leopard gecko zombie (Crypt:1)
  4 orc skeletons
  16 orc zombies
  A quokka skeleton (D:4)
  A quokka zombie (D:9)
  16 rats
  2 crawling corpses (Elf:3)
  2 lurking horrors
  2 plants (Lair:6)
  17 starspawn tentacles
2901 creatures vanquished.

Vanquished Creatures (collateral kills)
  An ironheart preserver (Vaults:5)
  Nessos (D:12)
  Azrael (Elf:2)
  2 ettins (Vaults:5)
  2 vault guards
  2 hydras
  An ogre mage (Vaults:5)
  Urug (Lair:3)
  A swamp dragon (Swamp:3)
  A deep elf mage (Vaults:5)
  2 ugly things (Vaults:4)
  A cyclops (D:12)
  A spiny frog (Swamp:2)
  A bog body (Swamp:4)
  A tarantella (Vaults:5)
  A vampire mosquito (D:13)
  An insubstantial wisp (Swamp:2)
  A naga (Snake:4)
  A hell hound (Elf:2)
  A black bear (D:12)
24 creatures vanquished.

Vanquished Creatures (others)
  A lich (Crypt:3)
  A deep elf master archer (Elf:3)
  An eldritch tentacle (Abyss:4)
  A hydra (Swamp:2)
  A merfolk avatar (Abyss:4)
  An ogre mage (Vaults:3)
  An unseen horror (Abyss:3)
  A deep elf mage (D:13)
  A guardian serpent (Snake:4)
  A yaktaur (Vaults:4)
  A troll (D:12)
  3 golden eyes
  A chaos spawn (Abyss:4)
  A naga (Snake:4)
  A small abomination (Abyss:4)
  2 slaves (D:8)
  An ogre (Vaults:4)
  An orc wizard (D:8)
  An ufetubus (Abyss:4)
  An orc (D:8)
  A briar patch (Swamp:4)
  74 bushes (Depths:4)
  2 lurking horrors
  7 plants
  30 starspawn tentacles
  4 tentacles (Abyss:1)
  2 toadstools (D:7)
143 creatures vanquished.

Grand Total: 3068 creatures vanquished

Notes
Turn   | Place    | Note
-------+----------+-------------------------------------------
     0 | D:1      | Amplified the Minotaur Wanderer began the quest for the
                  | Orb.
     0 | D:1      | Amplified set off with the following items: a +0 club, a
                  | potion of curing, a potion of lignification, a +0 robe, a
                  | wand of enslavement (15), a ration
     0 | D:1      | Reached XP level 1. HP: 22/22 MP: 0/0
    22 | D:1      | Reached skill level 5 in Fighting
    99 | D:1      | Reached XP level 2. HP: 29/29 MP: 1/1
   874 | D:1      | Reached skill level 6 in Fighting
   883 | D:1      | Reached XP level 3. HP: 35/37 MP: 2/2
  1226 | D:2      | Reached skill level 1 in Short Blades
  1271 | D:2      | Reached XP level 4. HP: 42/45 MP: 3/3
  1458 | D:2      | Found an ancient bone altar of Kikubaaqudgha.
  1533 | D:2      | Found a faded altar of an unknown god.
  1577 | D:2      | Found a shattered altar of Ashenzari.
  2017 | D:3      | Reached skill level 7 in Fighting
  2017 | D:3      | Reached XP level 5. HP: 52/52 MP: 4/4
  2098 | D:3      | Found a glowing drain.
  2117 | Sewer    | Entered a sewer
  2172 | Sewer    | Noticed a crocodile
  2181 | Sewer    | Killed a crocodile
  2224 | Sewer    | Got a faintly humming robe
  2269 | D:3      | Identified the +2 robe of Noon {rF+ Regen+ Int+5 Dex-5}
                  | (You found it in a sewer)
  2467 | D:3      | Reached XP level 6. HP: 60/60 MP: 5/5
  2585 | D:3      | Found a hazy altar of Hepliaklqana.
  2711 | D:4      | Reached skill level 8 in Fighting
  2839 | D:4      | Found Jeon's Armour Shoppe.
  3177 | D:5      | Entered Level 5 of the Dungeon
  3210 | D:5      | Reached skill level 5 in Short Blades
  3210 | D:5      | Reached XP level 7. HP: 40/69 MP: 6/6
  3362 | D:5      | Found a sand-covered staircase.
  3366 | D:5      | Reached skill level 9 in Fighting
  3370 | Ossuary  | Entered an ossuary
  3531 | Ossuary  | Reached XP level 8. HP: 55/78 MP: 7/7
  3644 | Ossuary  | Reached skill level 10 in Fighting
  3887 | D:5      | Found a sparkling altar of Nemelex Xobeh.
  4393 | D:6      | Reached skill level 11 in Fighting
  4410 | D:6      | Reached skill level 1 in Armour
  4419 | D:6      | Found a glowing silver altar of Zin.
  4425 | D:6      | Noticed Grinder
  4430 | D:6      | Killed Grinder
  4430 | D:6      | Reached XP level 9. HP: 87/89 MP: 8/8
  4822 | D:7      | Found a shattered altar of Ashenzari.
  4945 | D:7      | You fall through a shaft for 3 floors!
  4945 | D:10     | Entered Level 10 of the Dungeon
  5087 | D:8      | Noticed Pikel
  5109 | D:8      | Killed Pikel
  5109 | D:8      | Reached skill level 5 in Armour
  5123 | D:8      | Got a bound jade ring
  5124 | D:8      | Identified the ring of Devotion {rElec rPois rF+ rN+ Str+2}
                  | (You found it on level 8 of the Dungeon)
  5303 | D:8      | Got a faintly humming leather armour
  5320 | D:7      | Identified the +2 leather armour "Sucyk" {MR+ Stlth+} (You
                  | found it on level 8 of the Dungeon)
  5352 | D:7      | Reached skill level 10 in Short Blades
  5363 | D:7      | Noticed a troll
  5371 | D:7      | Killed a troll
  5673 | D:7      | Found a staircase to the Ecumenical Temple.
  5731 | Temple   | Entered the Ecumenical Temple
  5853 | Temple   | Became a worshipper of Makhleb the Destroyer
  5925 | D:7      | Found Uxzeaty's Magic Scroll Emporium.
  6184 | D:7      | Bought a scroll of acquirement for 520 gold pieces
  6498 | D:8      | Identified Qyvi's Incunabulum of Igneous Dark Secrets
  6916 | D:8      | Reached XP level 10. HP: 96/96 MP: 9/9
  7293 | D:9      | Found a glowing golden altar of the Shining One.
  7354 | D:9      | Found a staircase to the Lair.
  7376 | D:9      | Found a hide-covered altar of Uskayaw.
  7446 | D:10     | Reached * piety under Makhleb
  7537 | D:10     | Reached skill level 12 in Fighting
  7735 | D:10     | Killed an unseen horror
  7735 | D:10     | Reached skill level 13 in Fighting
  7769 | D:10     | Noticed a cyclops
  7777 | D:10     | Noticed a two-headed ogre
  7780 | D:10     | Identified the ring of Propriety {*Slow MR+ MP+9 Int+4}
  7785 | D:10     | Noticed a manticore
  7788 | D:10     | Killed a two-headed ogre
  7788 | D:10     | Reached skill level 14 in Fighting
  7791 | D:10     | Killed a cyclops
  7794 | D:10     | Noticed a brown ugly thing
  7804 | D:10     | Killed a manticore
  7804 | D:10     | Reached XP level 11. HP: 107/111 MP: 10/10
  7818 | D:10     | Reached skill level 15 in Fighting
  7828 | D:10     | Killed a brown ugly thing
  8147 | D:11     | Reached ** piety under Makhleb
  8425 | D:11     | Reached skill level 16 in Fighting
  8588 | D:11     | Found a staircase to the Orcish Mines.
  8629 | D:11     | Reached *** piety under Makhleb
  8730 | D:11     | Found Faijuwini's Distillery.
  9008 | D:11     | Reached skill level 17 in Fighting
  9232 | D:12     | Noticed a two-headed ogre
  9243 | D:12     | Noticed a two-headed ogre
  9245 | D:12     | Killed a two-headed ogre
  9260 | D:12     | Killed a two-headed ogre
  9289 | D:12     | You fall through a shaft for 3 floors!
  9289 | D:15     | Entered Level 15 of the Dungeon
  9324 | D:14     | You fall through a shaft!
  9436 | D:15     | Noticed an orc knight
  9458 | D:13     | Found a gate to the Vaults.
  9458 | D:13     | Noticed an orc knight
  9458 | D:13     | Noticed a two-headed ogre
  9458 | D:13     | Noticed a seven-headed hydra
  9458 | D:13     | Noticed a centaur warrior
  9496 | D:13     | Found a shadowy altar of Dithmenos.
  9560 | D:13     | Reached skill level 18 in Fighting
  9560 | D:13     | Reached skill level 1 in Ice Magic
  9643 | D:13     | Killed an orc knight
  9649 | D:13     | Reached **** piety under Makhleb
  9661 | D:13     | Killed a two-headed ogre
  9661 | D:13     | Reached XP level 12. HP: 68/127 MP: 11/11
  9824 | D:13     | Reached skill level 5 in Ice Magic
  9868 | D:13     | Killed a centaur warrior
  9934 | D:13     | Killed a seven-headed hydra
 10131 | D:13     | Reached skill level 19 in Fighting
 10265 | D:13     | Noticed a centaur warrior
 10278 | D:13     | Killed a centaur warrior
 10315 | D:13     | Reached ***** piety under Makhleb
 10471 | D:12     | Noticed Nessos
 10648 | D:12     | Noticed a five-headed hydra
 10824 | D:13     | Noticed a centaur warrior
 10960 | D:12     | Found a transporter.
 10964 | D:12     | Found a bloodstained altar of Trog.
 10966 | D:12     | Noticed a two-headed ogre
 10973 | D:12     | Noticed raetorn's ghost (journeyman VSFi)
 10974 | D:12     | Identified the +5 eveningstar "Hulk" {venom, *Rage rElec
                  | Dex+4 SInv}
 10974 | D:12     | Identified the +8 double sword of Nefoug {antimagic, rF+
                  | MP+9}
 10988 | D:12     | Found a transporter.
 11048 | D:12     | Found a blossoming altar of Fedhas.
 11322 | D:12     | HP: 5/130 [komodo dragon (22)]
 11725 | D:4      | Bought the cursed +1 chain mail of Weightlessness {rC+
                  | Slay+5} for 415 gold pieces
 11934 | Lair:1   | Entered Level 1 of the Lair of Beasts
 12357 | Lair:1   | Reached XP level 13. HP: 135/139 MP: 12/12
 13166 | Lair:2   | Reached skill level 20 in Fighting
 13835 | Lair:3   | Found a staircase to the Swamp.
 13933 | Lair:3   | Found a staircase to the Snake Pit.
 14245 | Lair:3   | Noticed Urug
 14251 | Lair:3   | Killed Urug
 14491 | Lair:3   | Paralysed by a floating eye for 2 turns
 14772 | Lair:4   | Reached skill level 21 in Fighting
 14938 | Lair:4   | Reached ****** piety under Makhleb
 14939 | Lair:4   | Noticed Rupert
 14955 | Lair:4   | Killed Rupert
 15714 | Lair:5   | Got a pair of spiked gloves
 15715 | Lair:5   | Identified the +3 pair of gloves "Weetequs" {*Contam Int+5}
                  | (You found it on level 5 of the Lair of Beasts)
 15878 | Lair:5   | Noticed Snorg
 15884 | Lair:5   | Killed Snorg
 15968 | Lair:5   | Found a runed translucent door.
 16303 | Lair:5   | Noticed dracomuter's ghost (journeyman DrCj)
 16325 | Lair:6   | Entered Level 6 of the Lair of Beasts
 16360 | Lair:6   | Reached skill level 22 in Fighting
 16381 | Lair:6   | Reached XP level 14. HP: 154/154 MP: 13/13
 17007 | Lair:6   | Found a viscous altar of Jiyva.
 17007 | Lair:6   | Found a staircase to the Slime Pits.
 17437 | Lair:6   | Reached skill level 23 in Fighting
 17533 | Lair:6   | Reached skill level 1 in Hexes
 17797 | Orc:1    | Entered Level 1 of the Orcish Mines
 18060 | Orc:2    | Entered Level 2 of the Orcish Mines
 18229 | Orc:2    | Found a roughly hewn altar of Beogh.
 18335 | Orc:2    | Found Okojerr's Antique Weapon Boutique.
 18343 | Orc:2    | Bought a twisted long sword for 204 gold pieces
 18349 | Orc:2    | Found Bamont's Food Shop.
 18500 | Orc:2    | Paralysed by an orc sorcerer for 7 turns
 18617 | Orc:2    | Noticed an orc warlord
 18660 | Orc:2    | Killed an orc warlord
 18690 | Orc:2    | Found a roughly hewn altar of Beogh.
 18719 | Orc:2    | Found Curiluun's Weapon Boutique.
 18747 | Orc:2    | Reached skill level 5 in Hexes
 19113 | Orc:2    | Found Ciextaq's Magic Scroll Shoppe.
 19159 | Orc:2    | Bought a scroll of enchant weapon for 82 gold pieces
 19159 | Orc:2    | Bought a scroll of enchant weapon for 82 gold pieces
 19159 | Orc:2    | Bought a scroll of blinking for 82 gold pieces
 19159 | Orc:2    | Bought a scroll of enchant armour for 82 gold pieces
 19159 | Orc:2    | Bought a scroll of fog for 22 gold pieces
 19159 | Orc:2    | Bought a scroll of teleportation for 33 gold pieces
 19159 | Orc:2    | Bought a scroll of remove curse for 33 gold pieces
 19159 | Orc:2    | Bought a scroll of remove curse for 33 gold pieces
 19159 | Orc:2    | Bought a scroll of magic mapping for 38 gold pieces
 19601 | Orc:2    | Found a staircase to the Elven Halls.
 19876 | Orc:2    | Reached XP level 15. HP: 166/166 MP: 14/14
 20166 | Orc:1    | Found Yffebaj's General Store.
 20202 | Orc:1    | Bought 2 scrolls of magic mapping for 91 gold pieces
 20557 | D:12     | Killed Nessos
 20585 | D:12     | Found a hide-covered altar of Uskayaw.
 20618 | D:12     | Identified the cursed +0 long sword "Giorov" {slice, *Drain
                  | Dex+8} (You bought it in a shop on level 2 of the Orcish
                  | Mines)
 20938 | D:12     | Killed raetorn's ghost
 20938 | D:12     | Reached skill level 24 in Fighting
 21145 | D:14     | Reached skill level 1 in Long Blades
 21370 | D:14     | Found Eghiquti's Pet Rocks.
 22577 | D:15     | Got a pair of pitted gloves
 22580 | D:15     | Identified the +1 pair of gloves of Bedevilment {rCorr}
                  | (You found it on level 15 of the Dungeon)
 22662 | D:15     | Found a staircase to the Depths.
 22671 | D:15     | Reached skill level 5 in Long Blades
 22719 | D:15     | Noticed Josephine
 22729 | D:15     | Killed Josephine
 22749 | D:15     | Found an opulent altar of Gozag.
 23373 | Snake:1  | Entered Level 1 of the Snake Pit
 24766 | Snake:1  | Reached XP level 16. HP: 177/177 MP: 8/15
 24880 | Snake:1  | Reached skill level 10 in Hexes
 25222 | Snake:1  | Found Qeacak's Food Boutique.
 25637 | Swamp:1  | Entered Level 1 of the Swamp
 25852 | Swamp:1  | Reached skill level 25 in Fighting
 26618 | Swamp:2  | Reached skill level 10 in Long Blades
 28002 | Swamp:3  | Noticed a thorn hunter
 28014 | Swamp:3  | Killed a thorn hunter
 28623 | Swamp:4  | Entered Level 4 of the Swamp
 29105 | Elf:1    | Entered Level 1 of the Elven Halls
 29117 | Elf:1    | Reached XP level 17. HP: 187/187 MP: 8/16
 29126 | Elf:1    | Found a radiant altar of Vehumet.
 30065 | Elf:1    | Identified the Volume of Dark Rites
 30259 | Elf:2    | Found a transporter.
 30551 | Elf:2    | Found a runed translucent gate.
 30551 | Elf:2    | Found a runed translucent gate.
 30551 | Elf:2    | Found a runed translucent gate.
 30577 | Elf:2    | Found a transporter.
 30674 | Elf:3    | Entered Level 3 of the Elven Halls
 30692 | Elf:3    | Reached skill level 26 in Fighting
 31207 | Elf:3    | Identified the cursed +0 robe "Dolui" {*Corrode rElec
                  | rPois}
 31227 | Elf:3    | Noticed a deep elf blademaster
 31252 | Elf:3    | Identified the +2 scythe of the Eleven Nights {flame, MR+}
 31258 | Elf:3    | Killed a deep elf blademaster
 31258 | Elf:3    | Reached skill level 27 in Fighting
 31264 | Elf:3    | Reached skill level 1 in Dodging
 31503 | Elf:3    | Noticed a deep elf master archer
 31514 | Elf:3    | Reached XP level 18. HP: 198/200 MP: 8/17
 31863 | Elf:2    | Noticed kalagan's ghost (journeyman DESu)
 31884 | Elf:2    | Paralysed by a floating eye for 4 turns
 31999 | Elf:2    | Reached skill level 5 in Dodging
 32539 | Elf:2    | Noticed Azrael
 32547 | Elf:2    | Killed Azrael
 32565 | Elf:2    | Reached skill level 10 in Armour
 33133 | Elf:3    | Reached skill level 1 in Spellcasting
 33886 | Snake:3  | Learned a level 1 spell: Confusing Touch
 33892 | Snake:3  | Learned a level 5 spell: Silence
 33899 | Snake:3  | Learned a level 6 spell: Deflect Missiles
 33905 | Snake:3  | Learned a level 5 spell: Borgnjor's Vile Clutch
 33948 | Snake:3  | Reached skill level 1 in Necromancy
 34312 | Snake:3  | Found Qumijifi's Weapon Shoppe.
 34313 | Snake:3  | Found Noca's General Store.
 34313 | Snake:3  | Found Geott's Antique Weapon Emporium.
 34316 | Snake:3  | Found Xyustoymn's Distillery.
 34332 | Snake:3  | Bought a potion of heal wounds for 70 gold pieces
 34332 | Snake:3  | Bought a potion of heal wounds for 70 gold pieces
 34332 | Snake:3  | Bought a potion of haste for 140 gold pieces
 34332 | Snake:3  | Bought a potion of invisibility for 112 gold pieces
 34332 | Snake:3  | Bought a potion of curing for 42 gold pieces
 34332 | Snake:3  | Bought 2 potions of curing for 84 gold pieces
 34332 | Snake:3  | Bought a potion of mutation for 112 gold pieces
 34332 | Snake:3  | Bought 2 potions of brilliance for 112 gold pieces
 34332 | Snake:3  | Bought a potion of cancellation for 112 gold pieces
 34332 | Snake:3  | Bought a potion of flight for 42 gold pieces
 34617 | Snake:3  | Noticed Louise
 34632 | Snake:3  | Killed Louise
 34957 | Snake:4  | Entered Level 4 of the Snake Pit
 35144 | Snake:4  | Found Kisenik's Distillery.
 35144 | Snake:4  | Identified the amulet of the Illusory Queens {+Rage MR+}
 35164 | Snake:4  | Bought a potion of might for 48 gold pieces
 35164 | Snake:4  | Bought a potion of heal wounds for 60 gold pieces
 35164 | Snake:4  | Bought a potion of might for 48 gold pieces
 35164 | Snake:4  | Bought 2 potions of agility for 96 gold pieces
 35737 | Snake:4  | Reached skill level 1 in Earth Magic
 36383 | Snake:4  | Reached XP level 19. HP: 207/207 MP: 11/24
 36930 | Snake:4  | Reached skill level 5 in Spellcasting
 37180 | Snake:4  | Got a serpentine rune of Zot
 37616 | Snake:4  | Reached skill level 5 in Necromancy
 39216 | Swamp:4  | Reached skill level 5 in Earth Magic
 39236 | Swamp:4  | Noticed a bone dragon
 39252 | Swamp:4  | Killed a bone dragon
 39358 | Swamp:4  | Got a decaying rune of Zot
 40041 | Vaults:1 | Entered Level 1 of the Vaults
 40338 | Vaults:1 | Reached XP level 20. HP: 208/213 MP: 12/28
 40831 | Vaults:1 | Noticed Sojobo
 40850 | Vaults:1 | Killed Sojobo
 40967 | Vaults:1 | Noticed Nikola
 40984 | Vaults:1 | Killed Nikola
 42983 | Vaults:3 | Reached XP level 21. HP: 144/221 MP: 13/31
 44099 | Vaults:4 | HP: 1/224 [deep elf archer/+0 short sword (17)]
 44108 | Vaults:4 | HP: 11/224 [deep elf archer/arrow (7)]
 44750 | Vaults:4 | Reached skill level 15 in Armour
 45088 | Vaults:3 | Paralysed by a vampire knight for 5 turns
 45133 | Vaults:3 | Found a staircase to the Crypt.
 45137 | Crypt:1  | Entered Level 1 of the Crypt
 45350 | Crypt:3  | Entered Level 3 of the Crypt
 46147 | Crypt:3  | Noticed an ancient lich
 46155 | Crypt:3  | Killed an ancient lich
 46270 | Crypt:3  | Found a basalt altar of Yredelemnul.
 46314 | Crypt:3  | Got a bound glass ring
 46328 | Crypt:3  | Identified the ring "Famar" {rC+ Str+4 Stlth+} (You found
                  | it on level 3 of the Crypt)
 46504 | Crypt:3  | Reached XP level 22. HP: 188/233 MP: 14/34
 46513 | Crypt:3  | Found a staircase to the Tomb.
 46727 | Crypt:3  | Identified Cuyvvok's Incunabulum of the Entourage and Ice
 47044 | Crypt:2  | Identified the +2 leather armour "Ugean" {rN+}
 47095 | Crypt:2  | Reached skill level 10 in Earth Magic
 47759 | Crypt:1  | Reached skill level 10 in Necromancy
 49261 | D:14     | Bought a book of the Earth for 975 gold pieces
 49268 | D:14     | Learned a level 6 spell: Statue Form
 49331 | Depths:1 | Entered Level 1 of the Depths
 49357 | D:15     | Reached skill level 1 in Transmutations
 49727 | Depths:1 | Found Xenomues's Blood Bar.
 49957 | Depths:1 | Found a gateway to Hell.
 50639 | Elf:2    | Killed kalagan's ghost
 50641 | Elf:2    | Got a scintillating steel ring
 50646 | Elf:2    | Got an encrusted hat
 50661 | Elf:2    | Identified the +2 hat "Taolian" {+Blink Str+3 Int+9 Slay-4}
                  | (You found it on level 2 of the Elven Halls)
 50662 | Elf:2    | Identified the ring "Bumenutt" {rF+ MP+9 Str+2 Int+3} (You
                  | found it on level 2 of the Elven Halls)
 51141 | Lair:5   | Killed dracomuter's ghost
 51609 | D:15     | Reached skill level 10 in Spellcasting
 52340 | Depths:1 | Found a one-way gate to the infinite horrors of the Abyss.
 53047 | Depths:2 | Paralysed by an ogre mage for 6 turns
 53066 | Depths:2 | Reached skill level 5 in Transmutations
 53085 | Depths:2 | Reached XP level 23. HP: 221/240 MP: 18/36
 53417 | Depths:2 | Noticed Mara
 53429 | Depths:2 | Noticed Amplified's illusion
 53436 | Depths:2 | Killed Mara
 53731 | Depths:2 | Cast into level 2 of the Abyss (ogre mage)
 53910 | Abyss:3  | Found a corrupted altar of Lugonu.
 54090 | Abyss:3  | Found a corrupted altar of Lugonu.
 54110 | Depths:2 | Escaped the Abyss
 54643 | Depths:3 | Found a one-way gate leading to the halls of Pandemonium.
 55414 | Depths:4 | Found a gateway to a ziggurat.
 55671 | Depths:4 | Paralysed by something for 5 turns
 55687 | Depths:5 | Entered Level 5 of the Depths
 55885 | Depths:5 | Reached XP level 24. HP: 227/249 MP: 18/36
 56056 | Depths:4 | HP: 7/249 [spriggan defender/+5 flail of venom (25)]
 56840 | Depths:4 | Found a runed translucent gate.
 56840 | Depths:4 | Found a runed translucent gate.
 56840 | Depths:4 | Found a runed translucent gate.
 57381 | Depths:4 | Found a runed translucent gate.
 57381 | Depths:4 | Found a runed translucent gate.
 57386 | Depths:4 | Found a runed translucent gate.
 57387 | Depths:4 | Noticed Yfoamu's ghost (adept KoWz)
 57423 | Depths:4 | Gained mutation: Your body sometimes deteriorates upon
                  | taking damage. [a cacodemon]
 57448 | Depths:4 | Killed Yfoamu's ghost
 57483 | Depths:4 | Got a faintly humming cloak
 57497 | Depths:4 | Gained mutation: Your spells are a little easier to cast,
                  | but a little less powerful. [mutagenic glow]
 57504 | Depths:4 | Lost mutation: Your body sometimes deteriorates upon taking
                  | damage. [potion of mutation]
 57504 | Depths:4 | Lost mutation: Your spells are a little easier to cast, but
                  | a little less powerful. [potion of mutation]
 57504 | Depths:4 | Gained mutation: Your body sometimes deteriorates upon
                  | taking damage. [potion of mutation]
 57504 | Depths:4 | Gained mutation: You possess an exceptional clarity of
                  | mind. [potion of mutation]
 57521 | Depths:4 | Lost mutation: Your body sometimes deteriorates upon taking
                  | damage. [potion of mutation]
 57521 | Depths:4 | Lost mutation: You possess an exceptional clarity of mind.
                  | [potion of mutation]
 57521 | Depths:4 | Gained mutation: You have very sharp teeth. [potion of
                  | mutation]
 57521 | Depths:4 | Gained mutation: You expend magic power (3 MP) to
                  | strengthen your wands. [potion of mutation]
 57903 | Depths:4 | Identified the +0 cloak of the Pleiades {Int+2} (You found
                  | it on level 4 of the Depths)
 57957 | Depths:5 | Noticed Frederick
 58293 | Depths:5 | Killed Frederick
 58774 | Depths:5 | Reached skill level 10 in Transmutations
 59156 | Depths:5 | Found a gate to the Realm of Zot.
 59172 | Depths:5 | Identified the +2 robe of Veceo {rElec Int+2 Stlth+} (You
                  | found it on level 5 of the Depths)
 59431 | Depths:4 | Voluntarily entered the Abyss.
 59431 | Abyss:1  | Found a corrupted altar of Lugonu.
 59493 | Abyss:2  | Identified Sif Muna's Reference Book on Lethal Feathers
                  | (You acquired it on level 2 of the Abyss)
 59584 | Abyss:3  | Found a corrupted altar of Lugonu.
 59739 | Abyss:3  | Learned a level 3 spell: Regeneration
 59761 | Abyss:3  | Noticed an ancient lich
 59786 | Abyss:4  | Found an ancient bone altar of Kikubaaqudgha.
 59786 | Abyss:4  | Found a white marble altar of Elyvilon.
 59786 | Abyss:4  | Found a shadowy altar of Dithmenos.
 59786 | Abyss:4  | Found a hazy altar of Hepliaklqana.
 59786 | Abyss:4  | Found a bloodstained altar of Trog.
 59786 | Abyss:4  | Found a shimmering altar of Xom.
 59787 | Abyss:4  | Found an iron altar of Okawaru.
 59787 | Abyss:4  | Found a glowing golden altar of the Shining One.
 59787 | Abyss:4  | Found a hide-covered altar of Uskayaw.
 59787 | Abyss:4  | Found a glowing silver altar of Zin.
 59788 | Abyss:4  | Found a burning altar of Makhleb.
 59791 | Abyss:4  | Found a deep blue altar of Sif Muna.
 59791 | Abyss:4  | Found an opulent altar of Gozag.
 59791 | Abyss:4  | Found a stormy altar of Qazlal.
 59793 | Abyss:4  | Found a blossoming altar of Fedhas.
 59793 | Abyss:4  | Found a snail-covered altar of Cheibriados.
 59793 | Abyss:4  | Found an ornate altar of the Wu Jian Council.
 59793 | Abyss:4  | Found a sparkling altar of Nemelex Xobeh.
 59795 | Abyss:4  | Found a shattered altar of Ashenzari.
 59795 | Abyss:4  | Found a sparkling altar of Nemelex Xobeh.
 59795 | Abyss:4  | Found a basalt altar of Yredelemnul.
 59938 | Depths:4 | Escaped the Abyss
 59942 | Depths:4 | Voluntarily entered the Abyss.
 59981 | Abyss:1  | Gained mutation: Your magical capacity is low. (-10% MP) [a
                  | neqoxec]
 60699 | Abyss:3  | Reached XP level 25. HP: 227/254 MP: 14/33
 60836 | Abyss:3  | Paralysed by accursed screaming for 1 turns
 61183 | Abyss:4  | Gained mutation: You tend to lose your temper in combat. [a
                  | neqoxec]
 61218 | Abyss:4  | Paralysed by accursed screaming for 1 turns
 61235 | Abyss:4  | Paralysed by accursed screaming for 2 turns
 61241 | Abyss:4  | Paralysed by accursed screaming for 2 turns
 61244 | Abyss:4  | Paralysed by accursed screaming for 2 turns
 61264 | Abyss:4  | Got a fine lead ring
 61272 | Abyss:4  | Identified the Reference Book on Stones and Air
 61278 | Abyss:4  | Got a silken robe
 61378 | Abyss:4  | Gained mutation: You are clumsy. (Dex -2) [a neqoxec]
 61382 | Abyss:4  | Lost mutation: You are clumsy. (Dex -2) [a neqoxec]
 62043 | Abyss:4  | Found a snail-covered altar of Cheibriados.
 62110 | Abyss:4  | Found a deep blue altar of Sif Muna.
 62180 | Abyss:4  | Found a deep blue altar of Sif Muna.
 62234 | Abyss:4  | Identified the cursed +0 robe of Niociust {MR++ Str-2
                  | Dex+4} (You found it on level 4 of the Abyss)
 62235 | Abyss:4  | Identified the ring "Waihodd" {*Tele +Fly rPois} (You found
                  | it on level 4 of the Abyss)
 62403 | Abyss:4  | Identified Itafeas's Disquisition on Boosts
 62406 | Abyss:4  | Identified the Collected Works on Attacks
 62767 | Depths:4 | Escaped the Abyss
 62770 | Depths:4 | Voluntarily entered the Abyss.
 62848 | Abyss:1  | Noticed a juggernaut
 62863 | Abyss:1  | Killed a juggernaut
 62906 | Abyss:1  | Learned a level 5 spell: Aura of Abjuration
 62933 | Abyss:1  | Gained mutation: Your body sometimes deteriorates upon
                  | taking damage. [a neqoxec]
 63054 | Abyss:1  | Reached skill level 1 in Summonings
 63209 | Abyss:2  | Reached XP level 26. HP: 238/266 MP: 14/34
 63284 | Abyss:2  | Paralysed by accursed screaming for 1 turns
 63380 | Abyss:2  | Found a corrupted altar of Lugonu.
 63879 | Abyss:3  | Found a shadowy altar of Dithmenos.
 64210 | Abyss:3  | Reached skill level 10 in Dodging
 64496 | Abyss:4  | Reached skill level 5 in Summonings
 64550 | Abyss:4  | Paralysed by a floating eye for 3 turns
 64565 | Abyss:4  | Got an abyssal rune of Zot
 64652 | Depths:4 | Escaped the Abyss
 64653 | Depths:4 | Lost mutation: Your magical capacity is low. (-10% MP)
                  | [potion of mutation]
 64653 | Depths:4 | Lost mutation: Your body sometimes deteriorates upon taking
                  | damage. [potion of mutation]
 64653 | Depths:4 | Gained mutation: You are agile. (Dex +2) [potion of
                  | mutation]
 64653 | Depths:4 | Gained mutation: You have large cloven feet. [potion of
                  | mutation]
 64653 | Depths:4 | Gained mutation: You evolve. [potion of mutation]
 64759 | Depths:2 | Lost mutation: You tend to lose your temper in combat.
                  | [evolution]
 65057 | Depths:2 | Got a crude leather armour
 65065 | Depths:2 | Got a pair of shimmering boots
 65066 | Depths:2 | Identified the +2 leather armour of Ilau {Str+4} (You found
                  | it on level 2 of the Depths)
 65067 | Depths:2 | Identified the +0 pair of boots of the Illusory Orbs {rC-
                  | rN+ Str+2} (You found it on level 2 of the Depths)
 65512 | Vaults:5 | Entered Level 5 of the Vaults
 65707 | Vaults:5 | HP: 15/345 [azure jelly (glowing shapeshifter) (25)]
 65709 | Vaults:5 | HP: 2/345 [vault guard/+3 great sword (16)]
 65711 | Vaults:5 | Slain by a shadow dragon

Skill      XL: |  1  2  3  4  5  6  7  8  9 10 11 12 13 14 15 16 17 18 19 20 21 22 23 24 25 26 |
---------------+-------------------------------------------------------------------------------+-----
Fighting       | 5 6 7 8 9 11 14 18 19 22 23 24 25 27 | 27.0
Short Blades   | 1 2 3 5 6 8 10 12 | 12.9
Armour         | 2 7 8 10 12 14 15 17 19 21 22 | 22.5
Ice Magic      | 3 9 |  9.5
Hexes          | 6 9 10 | 10.2
Long Blades    | 7 12 13 | 13.8
Dodging        | 3 7 8 12 | 12.1
Spellcasting   | 4 6 7 9 10 11 12 | 12.8
Necromancy     | 4 6 8 9 10 | 10.1
Earth Magic    | 2 5 8 9 10 11 12 13 | 13.3
Transmutations | 5 8 11 12 | 12.8
Summonings     | 2 6 |  6.9
Axes           | |  2.4
Staves         | |  1.2
Throwing       | |  1.0
Stealth        | |  1.0
Evocations     | |  1.0

Action                   |  1- 3 |  4- 6 |  7- 9 | 10-12 | 13-15 | 16-18 | 19-21 | 22-24 | 25-27 || total
-------------------------+-------+-------+-------+-------+-------+-------+-------+-------+-------++-------
Melee: Club              |    21 |       |       |       |       |       |       |       |       ||    21
       Headbutt          |    13 |    22 |    45 |   138 |   349 |   283 |   481 |   598 |   421 ||  2350
       Mace              |    24 |       |       |       |       |       |       |       |       ||    24
       Whip              |    23 |       |       |       |       |       |       |       |       ||    23
       Short sword       |    33 |   197 |   341 |   920 |  1199 |       |       |       |       ||  2690
       Double sword      |       |       |       |       |   324 |  1335 |  1836 |  2193 |  1566 ||  7254
       Bite              |       |       |       |       |       |       |       |   104 |   255 ||   359
       Kick              |       |       |       |       |       |       |       |       |    38 ||    38
 Cast: Confusing Touch   |       |       |       |       |       |       |       |     9 |       ||     9
       Silence           |       |       |       |       |       |       |       |     3 |       ||     3
       Statue Form       |       |       |       |       |       |       |       |     5 |     9 ||    14
       Regeneration      |       |       |       |       |       |       |       |     3 |    10 ||    13
       Aura of Abjuratio |       |       |       |       |       |       |       |       |     1 ||     1
Invok: Lesser Servant of |       |       |       |     3 |       |     7 |     9 |     2 |       ||    21
Evoke: Wand              |       |       |     1 |    15 |    10 |    14 |     6 |    10 |     2 ||    58
       Box of beasts     |       |       |     1 |       |       |       |       |       |       ||     1
       Lightning rod     |       |       |       |     5 |     4 |     1 |       |     1 |       ||    11
       Phial of floods   |       |       |       |       |     3 |     5 |     1 |     2 |       ||    11
  Use: Scroll            |     3 |     6 |    13 |    19 |    17 |    13 |    14 |    21 |    14 ||   120
       Potion            |       |     1 |     2 |    11 |    10 |     9 |    17 |    33 |    14 ||    97
 Stab: Invisible         |       |       |       |    10 |       |     1 |       |    13 |     5 ||    29
       Sleeping          |       |       |       |     1 |       |       |       |     1 |       ||     2
       Distracted        |       |       |       |       |     1 |       |     2 |       |     2 ||     5
       Confused          |       |       |       |       |       |     1 |       |     5 |       ||     6
       Paralysed         |       |       |       |       |       |     1 |       |       |     4 ||     5
  Eat: Chunk             |     1 |     6 |     7 |    10 |    10 |    18 |    20 |     9 |       ||    81
       Ration            |       |       |     2 |     4 |     8 |     6 |     4 |    14 |     7 ||    45
Armor: Robe              |    19 |    30 |   103 |   211 |       |       |       |       |       ||   363
       Ring mail         |       |    25 |       |       |       |       |       |       |       ||    25
       Chain mail        |       |       |       |    30 |   645 |   679 |   924 |  1264 |   784 ||  4326
       Skin              |       |       |       |       |       |       |       |    77 |   228 ||   305
Dodge: Dodged            |    66 |    73 |   138 |   321 |   348 |   425 |   688 |   994 |   904 ||  3957
Block: Other             |       |    17 |    33 |    71 |   116 |   121 |   165 |   228 |   167 ||   918
       Reflection        |       |       |     1 |     5 |     7 |    12 |    12 |     9 |     2 ||    48
       Rpst.: Double sword |       |       |       |       |    29 |    88 |   136 |   187 |   179 ||   619
